 Dungeon Crawl Stone Soup version 0.31-a0-1620-gcbf77bbcfc (webtiles) character file.

Game seed: 12498748237087101521

212200 Flugslaktarn the Warrior (level 17, 44/119 HPs)
             Began as a Minotaur Fighter on Jan 11, 2024.
             Was a High Priest of Okawaru.
             Quit the game on level 4 of the Abyss.
             The game lasted 00:19:04 (26899 turns).

Flugslaktarn the Warrior (Minotaur Fighter)        Turns: 26899, Time: 00:19:05

Health: 44/119     AC: 37    Str: 25 (27) XL:     17   Next: 44%
Magic:  17/17      EV: 16    Int: -2 (1)  God:    Okawaru [*****.]
Gold:   556        SH: 20    Dex:  8 (11) Spells: 16/16 levels left

rFire   x x .        a - +4 broad axe (vamp)
rCold   x x .        y - +0 tower shield
rNeg    . . .        E - +2 storm dragon scales {Bai Suzhen}
rPois   +            k - +2 hat of the Majestic God {rPois Str+4 Stlth-}
rElec   +            C - +2 cloak
rCorr   .            l - +2 pair of gloves
SInv    .            i - +2 pair of boots of Jaohaqiy {Dex+3}
Will    +....        x - amulet of reflection Stlth
                     v - +5 ring of evasion
HPRegen 0.39/turn    p - +4 ring of protection
MPRegen 0.15/turn

%: random rage (9%), reflection
@: mighty, hasted and slowed, lost intelligence, unable to read
A: horns 2, retaliatory headbutt, hooves 1, subdued magic 1, persistent drain,
[berserk 2], [clumsy 2], [dopey 2], [frail 3], [low MP 3], [screaming 2], [weak
2], [cold vulnerability 2], [heat vulnerability 2], [inability to drink after
injury 2], [inability to read after injury 2]
}: 2/15 runes: barnacled, gossamer
a: Renounce Religion, Heroism, Finesse, Duel


You were on level 4 of the Abyss.
You worshipped Okawaru.
Okawaru was extremely pleased with you.
You visited 6 branches of the dungeon, and saw 28 of its levels.
You visited the Abyss 3 times.

You collected 3456 gold pieces.
You spent 2900 gold pieces at shops.

Inventory:

Hand Weapons
 a - a +4 vampiric broad axe (weapon)
   (Okawaru gifted it to you on level 12 of the Dungeon)
 b - a +0 rapier of distortion
   (You took it off a spriggan on level 5 of the Lair of Beasts)
Missiles
 K - 4 throwing nets (quivered)
Armour
 e - a +0 plate armour
   (You took it off an orc warrior on level 4 of the Dungeon)
 i - the +2 pair of boots of Jaohaqiy (worn) {Dex+3}
   (You acquired it on level 4 of the Dungeon)

   Dex+3:     It affects your dexterity (+3).
 k - the +2 hat of the Majestic God (worn) {rPois Str+4 Stlth-}
   (Okawaru gifted it to you on level 12 of the Dungeon)

   Str+4:     It affects your strength (+4).
   rPois:     It protects you from poison Stlth-: It makes you less stealthy.
 l - a +2 pair of gloves (worn)
   (You found it on level 12 of the Dungeon)
 y - a +0 tower shield (worn)
   (You took it off a daeva on level 4 of the Shoals)
 A - a scarf of resistance
   (You found it on level 4 of the Spider Nest)
 C - a +2 cloak (worn)
   (You found it on level 2 of the Dungeon)
 E - +2 storm dragon scales (worn) {Bai Suzhen}
   (You found it on level 4 of the Shoals)
Jewellery
 c - a +6 ring of strength
   (You bought it in a shop on level 2 of the Orcish Mines)
 m - a ring of willpower
   (You bought it in a shop on level 2 of the Orcish Mines)
 p - a +4 ring of protection (right hand)
   (You found it on level 4 of the Lair of Beasts)
 v - a +5 ring of evasion (left hand)
   (You found it on level 2 of the Lair of Beasts)
 x - an amulet of reflection (around neck)
   (You took it off an orc priest on level 5 of the Dungeon)
 J - a ring of willpower
   (You found it on level 1 of the Lair of Beasts)
 O - the amulet of Lyeprali {RegenMP +Inv rF+ rN++}
   (You took it off a deep elf demonologist in the Arena)

   [amulet of magic regeneration]

   RegenMP:   It increases your rate of magic regeneration.
   rF+:       It protects you from fire.
   rN++:      It greatly protects you from negative energy.
   +Inv:      It lets you turn invisible.
Wands
 u - a wand of mindburst (16)
   (You found it on level 4 of the Dungeon)
 G - a wand of iceblast (4)
   (You found it on level 10 of the Dungeon)
 M - a wand of paralysis (4)
   (You took it off Maurice on level 1 of the Orcish Mines)
 P - a wand of light (5)
   (You found it on level 3 of the Shoals)
Scrolls
 g - a scroll of enchant armour
 o - 8 scrolls of vulnerability
 t - 6 scrolls of teleportation
 z - 5 scrolls of blinking
 B - 2 scrolls of fear
 D - 5 scrolls of immolation
 H - 4 scrolls of fog
 T - a scroll of revelation
Potions
 d - 3 potions of might
 f - 4 potions of mutation
 h - 3 potions of haste
 j - 5 potions of enlightenment
 n - a potion of resistance
 q - 9 potions of curing
 r - a potion of invisibility {unknown}
 s - a potion of berserk rage
 w - a potion of heal wounds
 I - 3 potions of magic
 L - 7 potions of ambrosia
 N - a potion of attraction {unknown}
 Q - 6 potions of lignification
 R - a potion of experience {unknown}
Miscellaneous
 F - a condenser vane
   (You found it on level 2 of the Abyss)


   Skills:
 + Level 20.3 Fighting
 - Level 18.0 Axes
 + Level 18.4 Armour
 + Level 14.1 Dodging
 + Level 12.1 Shields
 - Level 12.0 Invocations


You had 16 spell levels left.
You didn't know any spells.
Your spell library contained the following spells:

 Spells                   Type           Power      Damage    Failure   Level
 Freeze                   Ice            0%         1d3       100%        1
 Magic Dart               Conj           0%         1d3       100%        1
 Necrotise                Necr           0%         1d4       100%        1
 Sandblast                Erth           0%         2d4       100%        1
 Blink                    Tloc           0%         N/A       100%        2
 Lesser Beckoning         Tloc           0%         N/A       100%        2
 Momentum Strike          Conj/Tloc      0%         3d8       100%        2
 Searing Ray              Conj           0%         2d4       100%        2
 Sublimation of Blood     Necr           0%         N/A       100%        2
 Frozen Ramparts          Ice            0%         1d1       100%        3
 Hailstorm                Conj/Ice       0%         3d5       100%        3
 Ozocubu's Armour         Ice            0%         N/A       100%        3
 Passwall                 Erth           0%         N/A       100%        3
 Stone Arrow              Conj/Erth      0%         3d7       100%        3
 Vampiric Draining        Necr           0%         2d6       100%        3
 Brom's Barrelling Bould  Conj/Erth      0%         2d3       100%        4
 Dimensional Bullseye     Hex/Tloc       0%         N/A       100%        4
 Fulminant Prism          Conj/Alch      0%         3d5       100%        4
 Iskenderun's Mystic Bla  Conj/Tloc      0%         2d3       100%        4
 Petrify                  Alch/Erth      0%         N/A       100%        4
 Vhi's Electric Charge    Tloc/Air       0%         N/A       100%        4
 Arcjolt                  Conj/Air       0%         1d10      100%        5
 Curse of Agony           Necr           0%         N/A       100%        5
 Irradiate                Conj/Alch      0%         3d11      100%        5
 Metabolic Englaciation   Hex/Ice        0%         N/A       100%        5
 Plasma Beam              Fire/Air       0%         2x1d10    100%        6
 Tukima's Dance           Hex            Unusable   N/A       N/A         3
 Martyr's Knell           Necr/Summ      Unusable   N/A       N/A         4
 Sculpt Simulacrum        Ice/Alch       Unusable   N/A       N/A         6

Dungeon Overview and Level Annotations

Branches:
Dungeon (12/15)            Temple (1/1) D:4            Lair (5/5) D:11
 Shoals (4/4) Lair:3       Spider (4/4) Lair:3        Slime (0/5) Lair:4
    Orc (2/2) D:12            Elf (0/3) Orc:2

Altars:
Ashenzari
Cheibriados
Dithmenos
Elyvilon
Fedhas
Gozag
Hepliaklqana
Kikubaaqudgha
Makhleb
Nemelex Xobeh
Okawaru
Qazlal
Ru
Sif Muna
Trog
Uskayaw
Vehumet
Wu Jian
Xom
Yredelemnul
Zin
The Shining One
Jiyva
Lugonu

Shops:
D:8 ?   Orc:2 :=![   Shoals:2 :   Shoals:3 [

Portals:
Abyss: D:3 Lair:5

Annotations:
D:3 2 transporters, senseless's ghost, amateur DsWr
D:8 3 runed translucent doors, Sapher's ghost, weakling SpDe
D:10 exclusion: obsidian statue


Innate Abilities, Weirdness & Mutations

You have a pair of horns on your head.
You reflexively headbutt those who attack you in melee.
You have large cloven feet.
Your spells are a little easier to cast, but a little less powerful.
Your health recovers twice as slowly from being drained.
[You have an uncontrollable temper.]
[You are very clumsy. (Dex -4)]
[You are very dopey. (Int -4)]
[You are extremely frail. (-30% HP)]
[Your magical capacity is extremely low. (-30% MP)]
[You frequently scream uncontrollably at your foes.]
[You are very weak. (Str -4)]
[You are very vulnerable to cold. (rC--)]
[You are very vulnerable to heat. (rF--)]
[You sometimes lose the ability to drink potions when taking damage.]
[You sometimes lose the ability to read scrolls when taking damage.]


Message History

You block the starflower's attack. x2; A starcursed mass splits.
A deafening chorus of shrieks assaults your mind!
A starcursed mass splits.
The starspawn tentacle misses you. You furiously retaliate!
You headbutt the starspawn tentacle! 2 starspawn tentacles come into view.
You slash the starspawn tentacle!
The starspawn tentacle is almost destroyed.
You slash the starcursed mass!
The starcursed mass shudders and is absorbed by its neighbour.
The wretched star pulses with an eldritch light!
You occasionally lose the ability to drink potions when taking damage.
You lose the ability to drink potions when taking damage more often.
You occasionally lose the ability to read scrolls when taking damage.
You lose the ability to read scrolls when taking damage more often.
You slice the starspawn tentacle!!
You destroy the starspawn tentacle!
Tentacles burst from the starspawn's body!
A starcursed mass splits. x2; The starflower closely misses you.
The starflower tentacle-slaps you but does no damage.
A starcursed mass splits. 2 starspawn tentacles come into view.
You cut the starcursed mass into ribbons!!!
You destroy the starcursed mass!
Okawaru accepts your kill.
You hit the starspawn tentacle but do no damage.
The wretched star pulses with an eldritch light!
You feel less energetic. x2
You cut the starspawn tentacle into ribbons!!!
You destroy the starspawn tentacle!
A tentacle flies out from the starspawn's body! x2
The wretched star pulses with an eldritch light!
You feel vulnerable to cold. x2; You feel less energetic.
A deafening chorus of shrieks assaults your mind!
The starflower completely misses you. You block the starflower's attack.
A tentacle flies out from the starspawn's body! x2
A starcursed mass splits. 4 starspawn tentacles come into view.
You slash the starcursed mass! You headbutt the starcursed mass!
The starcursed mass is almost destroyed.
You slash the starspawn tentacle!
The starcursed mass shudders and is absorbed by its neighbour.
The starspawn tentacle grabs you. The starspawn tentacle constricts you.
You closely miss the wretched star. You hit the starspawn tentacle.
You destroy the tentacled starspawn!
Okawaru accepts your kill. Okawaru grants you throwing weapons!
Something appears at your feet!
The starspawn tentacle loses its grip on you.
The starspawn's tentacles wither and die.
A starcursed mass splits.
The starflower tentacle-slaps you but does no damage. x2
The wretched star glows turbulently.
The lance of force hits you!!
You are knocked back by the lance of force.
You collide with the wretched star!
The wretched star is lightly damaged.
A starcursed mass splits.
A cacophony of accursed wailing tears at your sanity!
You suddenly lose the ability to move!
A starcursed mass splits.
The wretched star pulses with an eldritch light!
You feel stupid.
You have lost your intelligence.
You feel stupid.
A starcursed mass splits.
The starflower tentacle-slaps you from afar.
Space warps around you. The starflower barely misses you.
A tentacle flies out from the starspawn's body!
A starspawn tentacle comes into view.
The wretched star pulses with an eldritch light!
You feel clumsy. x2
The wretched star pulses with an eldritch light!
You feel a little pissed off.
You feel extremely angry at everything!
You feel the urge to shout.
You feel a strong urge to scream.
The walking frostbound tome erupts in a flurry of living spells!
The starflower completely misses you.
The starflower tentacle-slaps you from afar.
The starflower tentacle-slaps you but does no damage.
The starflower completely misses you.
The wretched star pulses with an eldritch light!
You feel vulnerable to heat. x2
A cacophony of accursed wailing tears at your sanity!
You shrug off the repeated paralysis!
The wretched star pulses with an eldritch light!
You feel frail.
The starflower tentacle-slaps you but does no damage. x2
A starcursed mass splits. x2
You can move again.
You hit the wretched star. You headbutt the wretched star!
The wretched star is moderately damaged.
You slice the wretched star!!
The wretched star pulses with an eldritch light!
You feel weaker. x2
The starflower tentacle-slaps you from afar.
Space warps around you. You block the starflower's attack.
You are too injured to fight recklessly!
You are too injured to fight recklessly!
You are too injured to fight recklessly!
You cannot read scrolls in your current state!
Unknown command.
Okay, then.
Are you sure you want to abandon this character and quit the game? (Confirm with "yes".)

.. #. ..#. ... #
#..#. # #. ...
#...#..#### # #.
... #...#.#.#.##.#
.. ..
#...._.#...##....
. .
#♣♣.♣.P#∩..####
#.... .
⌠.⌠⌠.....#. . #..
####'*⌠P..#.
#...#...
♣#P#@'⌠##..... #.
.. .*;wXX*##.♣# ..
# .....
.#*♣XX*X#⌠###.####
. .. .♣#P#wX##.♣
### .....♣
XP*wXP*♣#.♣ . .#.
wX#w#♣. #⌠. #.. #


XwX♣X#X .. . XXXX.X. .. You could see 13 starcursed masses, a walking frostbound
tome, 3 starflowers, 5 tentacled starspawn, 4 wretched stars, 2 oklob plants, 6
starspawn tentacles and 3 living spells.

Vanquished Creatures
  Bai Suzhen (Shoals:4)
  Nikola (Spider:2)
  A lich (Abyss:3)
  Gastronok (Lair:3)
  2 krakens
  3 tentacled starspawn
  A daeva (Shoals:4)
  5 emperor scorpions (Spider:4)
  3 ghost moths
  2 deep elf demonologists
  4 merfolk javelineers (Shoals:4)
  7 merfolk impalers
  A great orb of eyes (Abyss:2)
  3 hydras
  Fannar (Lair:2)
  3 merfolk avatars
  2 ogre magi (Orc:2)
  A boulder beetle (Lair:3)
  A merfolk aquamancer (Arena)
  2 radroaches (Spider:4)
  A satyr (Shoals:3)
  2 demonic crawlers
  15 two-headed ogres
  A tengu warrior (Shoals:1)
  A vampire mage (Abyss:2)
  17 death yaks
  3 thrashing horrors (Lair:5)
  A dancing weapon (Abyss:3)
  2 orc high priests (Abyss:2)
  Nergalle (Lair:3)
  4 skysharks
  Sonja (Lair:3)
  A cherub (Shoals:4)
  4 pharaoh ants
  A wretched star (Abyss:2)
  3 shadow demons (Abyss:2)
  2 deep trolls (Orc:2)
  A sun moth (Spider:1)
  5 sea snakes
  4 orb spiders (Spider:4)
  A phantasmal warrior (Abyss:2)
  12 harpies
  An orc knight (Orc:2)
  4 ugly things
  An orc sorcerer (Orc:1)
  8 wolf spiders
  A moth of wrath (Spider:4)
  9 fauns
  4 cyclopes
  11 manticores
  4 meliai (Spider:4)
  Maurice (Orc:1)
  A kobold blastminer (Orc:2)
  5 slime creatures (D:12)
  4 smoke demons
  23 elephants
  9 merfolk sirens
  An orange demon (Abyss:2)
  A water nymph (Shoals:2)
  4 black mambas
  8 gargoyles
  9 cane toads
  2 rime drakes
  An unseen horror (D:12)
  A tengu conjurer (Shoals:1)
  15 komodo dragons
  4 kobold demonologists (Abyss:2)
  4 large abominations
  An efreet (Abyss:3)
  3 polar bears
  An ancient zyme (Abyss:2)
  10 trolls
  10 tarantellas
  6 hornets
  17 merfolk
  9 wind drakes
  A raiju (Lair:5)
  22 blink frogs
  3 dream sheep
  A dream sheep (shapeshifter) (Abyss:2)
  6 snapping turtles
  8 ynoxinuls
  13 jumping spiders
  2 spriggans
  3 shadows
  11 culicivoras
  3 wraiths
  45 yaks
  3 water elementals
  8 basilisks
  Grum (D:9)
  3 wyverns
  A neqoxec (Abyss:2)
  4 wargs
  3 chaos spawn
  5 steam dragons
  16 redbacks
  2 vampire mosquitoes (D:10)
  15 water moccasins
  6 orc warriors
  2 black bears
  6 laughing skulls (Abyss:2)
  2 ice beasts
  4 sky beasts
  11 small abominations
  6 centaurs
  2 boggarts (Abyss:2)
  23 ogres
  16 wolves
  3 kobold brigands
  8 bullfrogs
  2 scorpions
  5 wights (D:8)
  11 killer bees
  10 howler monkeys
  7 crimson imps (Abyss:2)
  A quasit (Abyss:3)
  5 hounds
  3 bombardier beetles
  2 jellies
  16 orc priests
  8 starcursed masses
  8 iguanas
  4 iron imps (Abyss:2)
  3 sleepcaps
  2 gnoll boudas
  12 orc wizards
  6 hell rats (Lair:5)
  13 gnolls
  6 adders
  8 river rats
  6 shadow imps
  11 white imps
  7 ribbon worms
  2 dart slugs (D:4)
  53 orcs
  18 endoplasms
  6 giant cockroaches
  7 hobgoblins
  3 jackals (D:1)
  4 quokkas
  6 ball pythons
  6 bats
  5 frilled lizards
  12 goblins
  23 kobolds
  13 rats
  6 starspawn tentacles
  4 tentacles
913 creatures vanquished.

Vanquished Creatures (others)
  A ghost moth (Spider:4)
  A merfolk impaler (Shoals:4)
  An orc wizard (D:5)
  14 starspawn tentacles
  15 tentacles
32 creatures vanquished.

Grand Total: 945 creatures vanquished

Notes
Turn   | Place    | Note
-------+----------+-------------------------------------------
     0 | D:1      | Flugslaktarn the Minotaur Fighter began the quest for the
                  | Orb.
     0 | D:1      | Reached XP level 1. HP: 19/19 MP: 0/0
   143 | D:1      | Reached XP level 2. HP: 24/27 MP: 1/1
   180 | D:1      | Reached skill level 4 in Fighting
   288 | D:1      | Reached XP level 3. HP: 22/33 MP: 2/2
  1020 | D:2      | Reached XP level 4. HP: 13/41 MP: 3/3
  2533 | D:3      | Noticed a small abomination
  2535 | D:3      | Noticed a toenail golem
  2546 | D:3      | Reached skill level 5 in Fighting
  2546 | D:3      | Reached XP level 5. HP: 24/48 MP: 4/4
  2655 | D:3      | Found a transporter.
  2787 | D:3      | Found a transporter.
  2791 | D:3      | Found a one-way gate to the infinite horrors of the Abyss.
  2791 | D:3      | Noticed senseless's ghost (amateur DsWr)
  3106 | D:3      | Found an ornate altar of the Wu Jian Council.
  3106 | D:3      | Found an opulent altar of Gozag.
  3364 | D:4      | Noticed an orc warrior
  3441 | D:4      | Killed an orc warrior
  3442 | D:4      | Reached XP level 6. HP: 39/57 MP: 5/5
  3477 | D:4      | Reached skill level 5 in Axes
  3480 | D:4      | Reached skill level 6 in Fighting
  3480 | D:4      | Reached skill level 5 in Armour
  3682 | D:4      | Found a staircase to the Ecumenical Temple.
  3720 | Temple   | Entered the Ecumenical Temple
  3723 | Temple   | Became a worshipper of Warmaster Okawaru
  3798 | D:4      | Reached skill level 5 in Shields
  3798 | D:4      | Reached XP level 7. HP: 56/64 MP: 6/6
  4044 | D:4      | Reached * piety under Okawaru
  4045 | D:4      | Reached skill level 1 in Invocations
  4737 | D:4      | Identified a scroll of acquirement
  4778 | D:4      | Acquired the +2 pair of boots of Jaohaqiy {Dex+3}
  4821 | D:5      | Entered Level 5 of the Dungeon
  4907 | D:5      | Reached skill level 7 in Fighting
  4921 | D:5      | HP: 2/66 [orc priest/divine providence (11)]
  4980 | D:5      | Reached XP level 8. HP: 16/73 MP: 8/8
  5420 | D:5      | Identified the scarf of Kukuclaodi {repulsion, Harm Int-2
                  | Dex+3}
  6489 | D:6      | Reached skill level 8 in Fighting
  6716 | D:6      | Reached ** piety under Okawaru
  7165 | D:6      | Reached XP level 9. HP: 76/82 MP: 10/10
  7586 | D:7      | Found a broken altar of Ashenzari.
  7763 | D:7      | Reached skill level 9 in Fighting
  7824 | D:7      | Noticed a gargoyle
  7838 | D:7      | Killed a gargoyle
  7838 | D:7      | Reached *** piety under Okawaru
  7839 | D:7      | Reached skill level 10 in Axes
  7919 | D:7      | Noticed a gargoyle
  7925 | D:7      | Killed a gargoyle
  8330 | D:7      | Noticed a gargoyle
  8333 | D:7      | Noticed a gargoyle
  8333 | D:7      | Noticed a gargoyle
  8344 | D:7      | Killed a gargoyle
  8918 | D:7      | Killed a gargoyle
  8918 | D:7      | Reached **** piety under Okawaru
  8919 | D:7      | Reached skill level 10 in Fighting
  9052 | D:7      | Killed a gargoyle
  9053 | D:7      | Reached XP level 10. HP: 82/93 MP: 9/12
  9626 | D:7      | Gained mutation: You are agile. (Dex +4, Str/Int -1)
                  | [potion of mutation]
  9626 | D:7      | Gained mutation: You are robust. (+10% HP) [potion of
                  | mutation]
  9961 | D:8      | Noticed Sapher's ghost (weakling SpDe)
 10000 | D:8      | Found a runed translucent gate.
 10000 | D:8      | Found a runed translucent gate.
 10000 | D:8      | Found a runed translucent gate.
 10611 | D:8      | Found Rupompuc's Magic Scroll Shop.
 10617 | D:8      | Bought a scroll of fear for 56 gold pieces
 10949 | D:9      | Noticed a two-headed ogre
 10957 | D:9      | Killed a two-headed ogre
 10958 | D:9      | Reached skill level 5 in Invocations
 11013 | D:9      | Reached ***** piety under Okawaru
 11096 | D:9      | Reached skill level 11 in Fighting
 11335 | D:9      | Received a gift from Okawaru
 11605 | D:9      | Noticed Grum
 11611 | D:9      | Killed Grum
 11698 | D:9      | Found a burning altar of Makhleb.
 11858 | D:9      | Noticed a two-headed ogre
 11864 | D:9      | Killed a two-headed ogre
 11865 | D:9      | Reached XP level 11. HP: 85/114 MP: 14/14
 12038 | D:10     | Entered Level 10 of the Dungeon
 12194 | D:10     | Noticed a two-headed ogre
 12196 | D:10     | Noticed an obsidian statue
 12205 | D:10     | Killed a two-headed ogre
 12408 | D:10     | Identified the +1 scale mail "Erphiuxu" {+Inv rF- Int+5
                  | SInv}
 13077 | D:11     | Reached skill level 12 in Fighting
 13104 | D:11     | Received a gift from Okawaru
 13117 | D:11     | Reached skill level 15 in Axes
 13338 | D:11     | Found a staircase to the Lair.
 14536 | D:11     | Acquired 835 gold pieces
 14562 | D:12     | Received a gift from Okawaru
 14577 | D:12     | Reached skill level 13 in Fighting
 14578 | D:12     | Reached skill level 10 in Armour
 14647 | D:12     | Noticed a two-headed ogre
 14656 | D:12     | Killed a two-headed ogre
 14658 | D:12     | Reached XP level 12. HP: 126/126 MP: 16/16
 14690 | D:12     | Noticed a two-headed ogre
 14697 | D:12     | Reached skill level 10 in Shields
 14707 | D:12     | Killed a two-headed ogre
 15053 | D:12     | Reached ****** piety under Okawaru
 15064 | D:12     | Acquired the +2 hat of the Majestic God {rPois Str+4
                  | Stlth-}
 15064 | D:12     | Received a gift from Okawaru
 15077 | D:12     | Acquired a +2 vampiric broad axe
 15077 | D:12     | Received a gift from Okawaru
 15255 | D:12     | Received a gift from Okawaru
 15421 | D:12     | Found a staircase to the Orcish Mines.
 15887 | Orc:1    | Entered Level 1 of the Orcish Mines
 15896 | Orc:1    | Noticed a two-headed ogre
 15903 | Orc:1    | Killed a two-headed ogre
 16034 | Orc:1    | Reached skill level 14 in Fighting
 16128 | Orc:1    | Noticed Maurice
 16138 | Orc:1    | Paralysed by Maurice for 3 turns
 16141 | Orc:1    | Maurice stole a ring of ice
 16142 | Orc:1    | Killed Maurice
 16185 | Orc:1    | Noticed a two-headed ogre
 16192 | Orc:1    | Killed a two-headed ogre
 16437 | Orc:2    | Entered Level 2 of the Orcish Mines
 16437 | Orc:2    | Found a staircase to the Elven Halls.
 16479 | Orc:2    | Found Tajoebb's Book Shoppe.
 16479 | Orc:2    | Noticed a two-headed ogre
 16482 | Orc:2    | Noticed a two-headed ogre
 16493 | Orc:2    | Killed a two-headed ogre
 16493 | Orc:2    | Received a gift from Okawaru
 16494 | Orc:2    | Reached skill level 1 in Dodging
 16529 | Orc:2    | Noticed a two-headed ogre
 16529 | Orc:2    | Noticed a two-headed ogre
 16529 | Orc:2    | Noticed an ogre mage
 16530 | Orc:2    | Noticed a two-headed ogre
 16549 | Orc:2    | Received a gift from Okawaru
 16550 | Orc:2    | Reached XP level 13. HP: 137/137 MP: 14/17
 16565 | Orc:2    | Found Ketuni's Jewellery Emporium.
 16577 | Orc:2    | Received a gift from Okawaru
 16582 | Orc:2    | Found Buinomuth's Distillery.
 16590 | Orc:2    | Found Nirobb's Armour Shoppe.
 16599 | Orc:2    | Bought a +0 kite shield for 54 gold pieces
 16728 | Orc:2    | Reached skill level 15 in Fighting
 17347 | Orc:2    | Bought a +6 ring of strength for 576 gold pieces
 17347 | Orc:2    | Bought a ring of willpower for 400 gold pieces
 17359 | Orc:2    | Bought the +6 chain mail of the Untouchables {*Corrode
                  | rPois Dex+8 Stlth-} for 666 gold pieces
 17508 | Lair:1   | Entered Level 1 of the Lair of Beasts
 17659 | Lair:1   | Reached skill level 5 in Dodging
 17923 | Lair:1   | Received a gift from Okawaru
 18405 | Lair:2   | Noticed Fannar
 18416 | Lair:2   | Killed Fannar
 18647 | Lair:2   | Received a gift from Okawaru
 19193 | Lair:3   | Noticed Gastronok
 19206 | Lair:3   | Killed Gastronok
 19258 | Lair:3   | Reached XP level 14. HP: 149/149 MP: 20/20
 19290 | Lair:3   | Noticed Nergalle
 19305 | Lair:3   | Killed Nergalle
 19327 | Lair:3   | Noticed Sonja
 19336 | Lair:3   | Received a gift from Okawaru
 19347 | Lair:3   | Found a hole to the Spider Nest.
 19356 | Lair:3   | Killed Sonja
 19474 | Lair:3   | Reached skill level 10 in Invocations
 19635 | Lair:3   | Found a staircase to the Shoals.
 19646 | Lair:3   | Reached skill level 16 in Fighting
 19919 | Lair:4   | Received a gift from Okawaru
 20000 | Lair:4   | Found a viscous altar of Jiyva.
 20005 | Lair:4   | Found a staircase to the Slime Pits.
 20625 | Lair:4   | Received a gift from Okawaru
 20861 | Lair:5   | Entered Level 5 of the Lair of Beasts
 21180 | Lair:5   | Received a gift from Okawaru
 21280 | Lair:5   | Reached skill level 17 in Fighting
 21350 | Lair:5   | Reached XP level 15. HP: 161/161 MP: 22/22
 21611 | Lair:5   | Received a gift from Okawaru
 21635 | Lair:5   | Found a corrupted altar of Lugonu.
 22410 | Shoals:1 | Entered Level 1 of the Shoals
 22416 | Shoals:1 | Reached skill level 15 in Armour
 22455 | Shoals:1 | Reached skill level 10 in Dodging
 22471 | Shoals:1 | Noticed a kraken
 22488 | Shoals:1 | Killed a kraken
 22556 | Shoals:1 | Identified the +2 hand axe of the Charred God {antimagic,
                  | ^Fragile rElec Dex+3}
 22569 | Shoals:2 | Found Mesoc's Self-Improvement Boutique.
 22602 | Shoals:2 | Received a gift from Okawaru
 23000 | Shoals:3 | Reached skill level 18 in Fighting
 23266 | Shoals:3 | Noticed a kraken
 23284 | Shoals:3 | Killed a kraken
 23284 | Shoals:3 | Received a gift from Okawaru
 23366 | Shoals:3 | Found Araol's Antique Armour Shoppe.
 23379 | Shoals:3 | Bought a bloodstained plate armour for 1148 gold pieces
 23379 | Shoals:3 | Identified the +0 plate armour of Inaction {rCorr} (You
                  | bought it in a shop on level 3 of the Shoals)
 23536 | Shoals:4 | Entered Level 4 of the Shoals
 23616 | Shoals:4 | Reached XP level 16. HP: 174/174 MP: 24/24
 23645 | Shoals:4 | Identified the +8 rapier "Arbiter" {holy, Int+2}
 23660 | Shoals:4 | Noticed Bai Suzhen
 23683 | Shoals:4 | Killed Bai Suzhen
 23683 | Shoals:4 | Received a gift from Okawaru
 23997 | Shoals:4 | Identified the +6 long sword of Cheese {distort, rElec
                  | Int+5 Dex+4}
 24196 | Abyss:2  | Cast into level 2 of the Abyss (merfolk impaler)
 24229 | Abyss:2  | Found a shimmering blue altar of Sif Muna.
 24249 | Abyss:2  | Received a gift from Okawaru
 24250 | Abyss:2  | Noticed a hellephant
 24258 | Abyss:2  | Noticed a tentacled starspawn
 24275 | Abyss:2  | Paralysed by accursed screaming for 1 turns
 24281 | Abyss:2  | Reached skill level 19 in Fighting
 24325 | Abyss:2  | Identified the amulet of Lyeprali {RegenMP +Inv rF+ rN++}
 24333 | Abyss:2  | Noticed an Ice Fiend
 24334 | Abyss:2  | Noticed a Tzitzimitl
 24334 | Arena    | Entered the Arena
 24499 | Abyss:2  | Noticed a tentacled starspawn
 24516 | Abyss:2  | Killed a tentacled starspawn
 24756 | Abyss:2  | Noticed a tentacled starspawn
 24756 | Abyss:2  | Paralysed by accursed screaming for 2 turns
 24780 | Abyss:2  | Killed a tentacled starspawn
 24858 | Abyss:2  | Received a gift from Okawaru
 24858 | Abyss:2  | Gained mutation: [You occasionally lose the ability to
                  | drink potions when taking damage.] [a neqoxec]
 24896 | Shoals:4 | Escaped the Abyss
 24933 | Arena    | Entered the Arena
 24977 | Shoals:4 | Found a glowing golden altar of the Shining One.
 24996 | Shoals:4 | Got a barnacled rune of Zot
 24997 | Shoals:4 | Lost mutation: You are robust. (+10% HP) [potion of
                  | mutation]
 24997 | Shoals:4 | Lost mutation: [You occasionally lose the ability to drink
                  | potions when taking damage.] [potion of mutation]
 24997 | Shoals:4 | Lost mutation: You are agile. (Dex +4, Str/Int -1) [potion
                  | of mutation]
 24997 | Shoals:4 | Gained mutation: You have large cloven feet. [potion of
                  | mutation]
 25158 | Spider:1 | Entered Level 1 of the Spider Nest
 25204 | Spider:1 | Received a gift from Okawaru
 25371 | Spider:2 | Noticed Nikola
 25387 | Spider:2 | Killed Nikola
 25614 | Spider:4 | Entered Level 4 of the Spider Nest
 25753 | Spider:4 | Reached XP level 17. HP: 158/170 MP: 25/25
 25790 | Spider:4 | Received a gift from Okawaru
 25844 | Spider:4 | Reached skill level 20 in Fighting
 26128 | Spider:4 | Received a gift from Okawaru
 26295 | Spider:4 | Got a gossamer rune of Zot
 26297 | Spider:4 | Got a milky-white gem with 1332 turns to spare
 26546 | Lair:5   | Gained mutation: Your spells are a little easier to cast,
                  | but a little less powerful. [mutagenic glow]
 26635 | Abyss:3  | Cast into level 3 of the Abyss (unwielding a weapon of
                  | distortion)
 26641 | Abyss:3  | Gained mutation: Your health recovers twice as slowly from
                  | being drained. [mutagenic glow]
 26684 | Abyss:3  | Noticed a lich
 26698 | Abyss:3  | Killed a lich
 26779 | Lair:5   | Escaped the Abyss
 26858 | Lair:5   | Voluntarily entered the Abyss.
 26875 | Abyss:4  | Found a corrupted altar of Lugonu.
 26885 | Abyss:4  | Noticed a walking frostbound tome
 26893 | Abyss:4  | Received a gift from Okawaru
 26893 | Abyss:4  | Paralysed by accursed screaming for 2 turns
 26894 | Abyss:4  | Lost intelligence.
 26899 | Abyss:4  | Quit the game

Illustrated notes

Levels and vault maps discovered:
D:1:      mrwooster_arrival_statue_3, layout_loops_cross
D:2:      layout_basic, serial_corexii_hall, corexii_hall_statues_i,
          corexii_hall_statues_l, serial_bayou_pond_b, kennysheep_cross_room
D:3:      layout_loops_ring, gammafunk_temple_overflow_elements,
          gammafunk_ghost_abyssal_escape, grunt_ministairs_12
D:4:      layout_loops_corners, temple_pool_b, lightli_sewer_entry_pipes,
          guppyfry_early_orc_mine
D:5:      layout_basic, minmay_starry_boxes
D:6:      layout_loops_corners, hex_tiny
D:7:      cheibrodos_statue_roulette, layout_basic, cheibrodos_ashenzari_chains
D:8:      minmay_general_purpose_star, layout_loops_corners,
          gammafunk_ghost_icy, nicolae_stop_n_shop_2, dreamdust_wishing_well
D:9:      layout_roguey, marbit_many_paths, uniq_grum
D:10:     layout_long_grid, minivault_16
D:11:     layout_loops_cross, erik_lair_dragon
D:12:     layout_cave_pools, orc_0_dummy, serial_park, serial_park_tiny_1,
          serial_park_avenue1, serial_park_tiny_1,
          minmay_fractal_squares_gapless_5
Temple:   dpeg_three_leaves_temple
Lair:1:   layout_regular_city
Lair:2:   layout_loops_ring, uniq_fannar
Lair:3:   layout_cave_shapes, elwin_shoals_entry_stream, dummy_spider_entry,
          grunt_forest_large_clearing_hut, uniq_nergalle, uniq_gastronok,
          uniq_sonja
Lair:4:   layout_loops_ring, slime_entry_2, st_stairs_8,
          nicolae_lair_grazing_beasts [nicolae_sub_lair_graze_edge,
          nicolae_sub_lair_graze_edge, nicolae_sub_lair_graze_edge,
          nicolae_sub_lair_graze_edge]
Lair:5:   hellmonk_lair_end_abyssal_woods, layout_cave_pods,
          kennysheep_abandoned_house
Shoals:1: layout_shoals, kb_tengu_band
Shoals:2: layout_shoals, nicolae_shop_self_help
Shoals:3: layout_shoals, serial_shops, shop, nicolae_shoals_mertower
Shoals:4: shoals_end_hellmonk_holy_island, serial_shops, uniq_bai_suzhen
Spider:1: layout_chambers, nicolae_spider_webbed_stairs
Spider:2: layout_spider_delve, hellmonk_ghost_happy_afterlife, uniq_arachne,
          uniq_nikola
Spider:3: layout_cave_pods
Spider:4: spider_rune_water
Orc:1:    layout_caves, uniq_maurice
Orc:2:    st_orc_open, layout_caves
Abyss:4:  base: D:10, spicy_abyss_rude_harpoons, spicy_pingpong_abyss_rune,
          minivault_27

Skill      XL: |  1  2  3  4  5  6  7  8  9 10 11 12 13 14 15 16 17 |
---------------+----------------------------------------------------+-----
Fighting       | 4 5 6 7 8 10 11 13 14 15 17 18 19 20 | 20.3
Axes           | 3 4 5 6 9 11 14 16 17 18 | 18.0
Armour         | 4 5 6 7 8 10 11 12 14 16 17 18 | 18.4
Shields        | 4 5 6 7 8 9 10 11 12 | 12.1
Invocations    | 1 3 4 5 6 7 9 11 12 | 12.0
Dodging        | 2 6 9 11 13 14 | 14.1

Action                     |  1- 3 |  4- 6 |  7- 9 | 10-12 | 13-15 | 16-18 || total
---------------------------+-------+-------+-------+-------+-------+-------++-------
  Melee: War axe           |    58 |   125 |   298 |   440 |       |       ||   921
         Headbutt          |     5 |    16 |    55 |   151 |   264 |   189 ||   680
         Broad axe         |       |       |       |   130 |   987 |   761 ||  1878
         Unarmed           |       |       |       |       |       |     6 ||     6
 Invoke: Heroism           |       |       |     2 |     3 |       |     9 ||    14
         Receive Weapon    |       |       |       |     1 |       |       ||     1
         Receive Armour    |       |       |       |     1 |       |       ||     1
         Duel              |       |       |       |       |       |     2 ||     2
         Finesse           |       |       |       |       |       |     2 ||     2
  Evoke: Wand              |       |       |     8 |       |       |       ||     8
    Use: Potion            |       |     1 |     2 |     5 |     1 |     8 ||    17
         Scroll            |       |       |    15 |    10 |     7 |     2 ||    34
   Stab: Held in net/web   |       |       |       |       |       |     1 ||     1
 Armour: Scale mail        |    59 |    63 |       |       |       |       ||   122
         Plate armour      |       |    42 |   223 |   490 |    20 |       ||   775
         Skin              |       |       |    66 |       |       |       ||    66
         Chain mail        |       |       |       |       |   350 |    35 ||   385
         Storm dragon scal |       |       |       |       |       |   405 ||   405
  Dodge: Dodged            |    36 |    59 |    65 |   136 |   384 |   387 ||  1067
  Block: Buckler           |    13 |    35 |   105 |   325 |    19 |       ||   497
         Reflection        |       |       |     6 |    13 |    39 |    11 ||    69
         Kite shield       |       |       |       |       |   850 |   347 ||  1197
         Tower shield      |       |       |       |       |       |   420 ||   420
         Other             |       |       |       |       |       |     1 ||     1

Table legend: (Time is in decaauts)
 A = Elapsed time spent in this place.
 B = Non-inter-level travel time spent in this place.
 C = Inter-level travel time spent in this place.
 D = Time resting spent in this place.
 E = Time spent auto-exploring this place.
 F = Levels seen in this place.
 G = Mean time per level.
                   A        B        C        D        E       F      G
               +--------+--------+--------+--------+--------+-----+--------+
         Total |  26584 |  25291 |   1293 |   1848 |  18419 |  35 |  759.5 |
       Dungeon |  16009 |  15465 |    544 |   1326 |  12024 |  12 | 1334.1 |
        Temple |      6 |      4 |      2 |      0 |      0 |   1 |    6.0 |
          Lair |   4984 |   4697 |    287 |     93 |   3733 |   5 |  996.8 |
        Shoals |   1991 |   1830 |    161 |    313 |    629 |   4 |  497.8 |
   Spider Nest |   1279 |   1083 |    196 |     38 |    526 |   4 |  319.8 |
  Orcish Mines |   1484 |   1384 |    100 |      0 |   1169 |   2 |  742.0 |
         Abyss |    792 |    792 |      0 |     75 |    337 |   5 |  158.4 |
         Arena |     36 |     36 |      0 |      3 |      0 |   2 |   18.0 |
               +--------+--------+--------+--------+--------+-----+--------+

Top non-repeatable levels by time:
     D:7: 2045 daAuts
    D:11: 1801 daAuts
     D:4: 1788 daAuts
  Lair:5: 1622 daAuts
     D:2: 1404 daAuts
     D:5: 1340 daAuts
     D:8: 1292 daAuts
     D:6: 1174 daAuts
    D:12: 1169 daAuts
     D:3: 1091 daAuts
Shoals:3: 1077 daAuts
     D:9: 1071 daAuts
  Lair:4: 1044 daAuts
   Orc:2: 931 daAuts
     D:1: 919 daAuts
